 Dungeon Crawl Stone Soup version 0.18-a0-1784-ga939a68 (webtiles) character file.

112 Yawgmoth the Magician (level 4, 0/40 HPs)
             Began as an Octopode Wizard on Apr 18, 2016.
             Was an Initiate of Vehumet.
             Succumbed to a scorpion's poison
             ... on level 4 of the Dungeon.
             The game lasted 00:20:49 (3734 turns).

Yawgmoth the Magician (Octopode Wizard)             Turns: 3734, Time: 00:20:50

Health: 0/40       AC: 22    Str:  6    XL:     4   Next: 95%
Magic:  0/10       EV:  2    Int: 21    God:    Vehumet [......]
Gold:   118        SH:  0    Dex: 10    Spells: 4 memorised, 3 levels left

rFire  . . .     SeeInvis .     d - +0 whip
rCold  . . .     Gourm    .     (no shield)
rNeg   + + +     Faith    .     (helmet currently unavailable)
rPois  +         Spirit   .     (no amulet)
rElec  .         Dismiss  .     o - ring of flight {+Fly, !d}
rCorr  .         Reflect  .     (no ring)
SustAt .         Harm     .     (no ring)
MR     .....     NoTele   +     (no ring)
Stlth  +++.......               (no ring)
                                (no ring)
                                (no ring)
                                (no ring)

@: lethally poisoned (0 -> -11), tree-form, repel missiles, not resistant to
hostile enchantments, fairly stealthy
A: almost no armour, (amphibious), 8 rings, (constrict 8), (camouflage 0),
(gelatinous body 0)
a: Renounce Religion


You were on level 4 of the Dungeon.
You worshipped Vehumet.
Vehumet was noncommittal.
You were not hungry.
You were a tree.
You visited 1 branch of the dungeon, and saw 4 of its levels.

You collected 118 gold pieces.

Inventory:

Hand Weapons
 d - a +0 whip (weapon)
   (You found it on level 1 of the Dungeon)
 f - a cursed -1 dagger
   (You took it off a goblin on level 2 of the Dungeon)
 m - a cursed -3 dagger
   (You took it off a goblin on level 1 of the Dungeon)
 w - a +0 flail
   (You took it off an orc on level 3 of the Dungeon)
 x - a +0 rapier
   (You found it on level 3 of the Dungeon)
Missiles
 t - 5 tomahawks (quivered)
Armour
 a - a +0 hat (melded)
Jewellery
 o - a ring of flight (left branch) {+Fly, !d}
   (You found it on level 1 of the Dungeon)
Scrolls
 e - 2 scrolls of remove curse {unknown}
 i - 3 scrolls of identify {unknown}
 j - a scroll of enchant weapon {unknown}
 l - 2 scrolls of noise {unknown}
 n - a scroll of magic mapping {unknown}
 s - a scroll of teleportation {unknown}
 y - a scroll of amnesia {unknown}
 z - a scroll of enchant armour {unknown}
 A - a scroll of blinking {unknown}
Potions
 g - a potion of might {unknown}
 k - a potion of heal wounds {unknown}
 p - a potion of lignification {!q}
 q - a potion of cancellation {unknown}
 r - a potion of haste {unknown}
 B - 2 potions of flight {unknown}
Books
 b - a book of Minor Magic
Comestibles
 c - 3 bread rations {@e1}
 h - 3 fruits
 u - a meat ration {@e2}
 v - 3 chunks of flesh {@w0}


   Skills:
 - Level 2.0 Dodging
 - Level 2.6 Stealth
 + Level 4.1 Spellcasting
 + Level 3.3 Conjurations
   Level 1.0 Summonings
 - Level 1.0 Translocations


You had 3 spell levels left.
You knew the following spells:

 Your Spells              Type           Power        Failure   Level  Hunger
a - Magic Dart            Conj           ###.         3%          1    None
b - Blink                 Tloc           N/A          12%         2    #......
d - Repel Missiles        Chrm/Air       #.....       17%         2    #......
x - Mephitic Cloud        Conj/Pois/Air  #.......     24%         3    ###....


Dungeon Overview and Level Annotations

Branches:
Dungeon (4/15)
 Temple: D:4-7

Altars:
Cheibriados
Makhleb
Nemelex Xobeh
Vehumet
Xom


Innate Abilities, Weirdness & Mutations

You cannot wear most types of armour.
((You are amphibious.))
You can wear up to eight rings at the same time.
((You can use your tentacles to constrict eight enemies at once.))
((Your skin changes colour to match your surroundings (Stealth).))
((Your rubbery body absorbs attacks (AC +1).))


Message History

The jackal barks!
The jackal is too close now for your liking.
Aim: a jackal The magic dart hits the jackal.
You now have 9/10 mp.
The jackal barely misses you.
Aim: a jackal The magic dart hits the jackal.
The jackal bites you.
You take 2 damage, and have 25/27 hp.
You now have 8/10 mp.
Aim: a jackal The magic dart hits the jackal.
The jackal misses you. The jackal barely misses you.
You now have 7/10 mp.
Aim: a jackal (almost dead)
The magic dart hits the jackal.
You kill the jackal!
Vehumet accepts your kill.
You now have 6/10 mp.
You see here a jackal corpse.
You butcher the jackal corpse.
v - 2 chunks of flesh {@w0} (gained 1)
You start resting.
Health restored: 27; MP restored: 10 Done exploring.
There is a stone staircase leading down here.
You climb downwards.
A giant cockroach comes into view.
There is a stone staircase leading up here.
Aim: a giant cockroach (resting)
The magic dart hits the giant cockroach.
You now have 9/10 mp.
Aim: a giant cockroach (almost dead, clinging)
The magic dart hits the giant cockroach.
You kill the giant cockroach!
Vehumet accepts your kill.
You now have 8/10 mp.
You see here a giant cockroach corpse.
You butcher the giant cockroach corpse.
v - 3 chunks of flesh {@w0} (gained 1)
There is a stone staircase leading up here.
You start resting.
MP restored: 10 A scorpion comes into view.
Aim: a scorpion (resting)
The magic dart hits the scorpion.
You now have 9/10 mp.
Aim: a scorpion (lightly wounded)
The magic dart hits the scorpion.
You now have 8/10 mp.
Aim: a scorpion The magic dart hits the scorpion.
You now have 7/10 mp.
Aim: a scorpion (lightly wounded)
The magic dart hits the scorpion.
You now have 6/10 mp.
Aim: a scorpion (lightly wounded)
You throw a tomahawk. The tomahawk hits the scorpion.
Aim: a scorpion (moderately wounded)
The magic dart hits the scorpion.
You now have 5/10 mp.
Aim: a scorpion (heavily wounded)
The magic dart hits the scorpion.
The scorpion stings you.
You take 1 damage, and have 26/27 hp.
You now have 4/10 mp.
Aim: a scorpion (heavily wounded)
The magic dart hits the scorpion.
The scorpion stings you.
You take 3 damage, and have 23/27 hp.
Aim: a scorpion (heavily wounded)
The magic dart hits the scorpion.
The scorpion stings you.
You are poisoned.
The scorpion poisons you!
You take 4 damage, and have 19/27 hp.
You now have 3/10 mp.
Aim: a scorpion (heavily wounded)
The magic dart hits the scorpion.
You feel sick. The scorpion misses you.
You take 1 damage, and have 18/27 hp.
You now have 2/10 mp.
Aim: a scorpion (severely wounded)
The magic dart hits the scorpion.
You feel sick. The scorpion stings you.
You are lethally poisoned!
The scorpion poisons you!
You take 5 damage, and have 13/27 hp.
You now have 1/10 mp.
Okay, then.
Unknown command.
Aim: a scorpion (severely wounded)
The magic dart hits the scorpion.
You feel sick. The scorpion barely misses you.
You take 1 damage, and have 12/27 hp.
You now have 0/10 mp.
Aim: a scorpion (severely wounded)
Okay, then.
Unknown command.
You closely miss the scorpion. You grab the scorpion. You squeeze the scorpion.
You constrict the scorpion.
You feel sick. The scorpion stings you!
* * * LOW HITPOINT WARNING * * *
A hound comes into view.
The hound barks!
You take 11 damage, and have 1/27 hp.
MASSIVE DAMAGE!!
Drink which item? (? for menu, Esc to quit)
It was a potion of lignification.
You turn into a tree.
Your +0 hat melds into your body.
Your roots penetrate the ground.
You lose your grip on the scorpion.
You die...

###.##.#.#....
.............
.h....#.... #
#.#..#...#
.......#...#
....#..#...#########.
....(................
......s♣..<.......#
######.#.########.#
#..... #.......
#......... #.........
..........
...........


You could see a scorpion and a hound.

Vanquished Creatures
  Natasha (D:2)
  An adder (D:3)
  3 worms (D:2)
  A dart slug (D:3)
  An orc (D:3)
  A ball python (D:1)
  5 giant cockroaches
  10 hobgoblins
  5 jackals
  11 bats
  4 giant newts (D:1)
  6 goblins
  9 kobolds
  4 rats
62 creatures vanquished.

Notes
Turn   | Place    | Note
--------------------------------------------------------------
     0 | D:1      | Yawgmoth the Octopode Wizard began the quest for the Orb.
     0 | D:1      | Reached XP level 1. HP: 11/11 MP: 4/4
   521 | D:1      | Reached XP level 2. HP: 17/17 MP: 0/6
  1025 | D:1      | Reached skill level 2 in Conjurations
  1096 | D:1      | Reached XP level 3. HP: 21/21 MP: 2/7
  1902 | D:2      | Found a radiant altar of Vehumet.
  1902 | D:2      | Found a burning altar of Makhleb.
  1913 | D:2      | Became a worshipper of Vehumet
  1942 | D:2      | Learned a level 2 spell: Blink
  1945 | D:2      | Learned a level 2 spell: Repel Missiles
  2352 | D:2      | Noticed Natasha
  2385 | D:2      | Killed Natasha
  2385 | D:2      | Reached skill level 3 in Conjurations
  2385 | D:2      | Reached XP level 4. HP: 10/27 MP: 0/9
  2929 | D:3      | Reached skill level 4 in Spellcasting
  3035 | D:3      | Found a snail-covered altar of Cheibriados.
  3063 | D:3      | Found a shimmering altar of Xom.
  3063 | D:3      | Found a sparkling altar of Nemelex Xobeh.
  3126 | D:3      | Learned a level 3 spell: Mephitic Cloud
  3733 | D:4      | HP: 1/27 [scorpion (10)]
  3734 | D:4      | Succumbed to a scorpion's poison

Vault maps used:
D:1:      dpeg_arrival_three_same_balls, glass_columns_c, minivault_19
D:2:      lemuel_upstairs_altar, gammafunk_temple_overflow_statue, first_bread,
          hangedman_decor_clover_reticule, uniq_natasha
D:3:      grunt_temple_overflow_open, grunt_decor_mini_mirrors
D:4:      fedhas_altar_2, nicolae_tso_besieged_by_evil

Skill      XL: |  1  2  3  4 |
---------------+-------------+-----
Conjurations   | 2 3 |  3.3
Spellcasting   | 4 |  4.1
Dodging        | |  2.0
Stealth        | |  2.6
Summonings     | |  1.0
Translocations | |  1.0

Action                   |  1- 3 |  4- 6 || total
-------------------------+-------+-------++-------
Melee: Whip              |    14 |     1 ||    15
       Constrict         |     3 |     1 ||     4
       Tentacles         |       |     1 ||     1
Throw: Tomahawk          |       |     5 ||     5
 Cast: Magic Dart        |   108 |    72 ||   180
       Repel Missiles    |     1 |       ||     1
  Use: Potion            |       |     1 ||     1
  Eat: Fruit             |     3 |     1 ||     4
       Chunk             |     2 |     3 ||     5
Armor: Skin              |     8 |       ||     8
Dodge: Dodged            |    25 |     7 ||    32
       Deflected         |       |     1 ||     1

Vault maps used:
D:1:      dpeg_arrival_three_same_balls, glass_columns_c, minivault_19
D:2:      lemuel_upstairs_altar, gammafunk_temple_overflow_statue, first_bread,
          hangedman_decor_clover_reticule, uniq_natasha
D:3:      grunt_temple_overflow_open, grunt_decor_mini_mirrors
D:4:      fedhas_altar_2, nicolae_tso_besieged_by_evil

Table legend:
 A = Turns spent in this place as a percentage of turns spent in the entire game.
 B = Non-inter-level travel turns spent in this place as a percentage of non-inter-level travel turns spent in the entire game.
 C = Inter-level travel turns spent in this place as a percentage of turns spent in this place.
 D = Turns resting spent in this place as a percentage of non-inter-level travel turns spent in this place.
 E = Turns spent auto-exploring this place as a percentage of non-inter-level travel turns spent in this place.
 F = Non-inter-level travel turns spent in this place divided by the number of levels of this place that you've seen.
                   A       B       C       D       E      F
               +-------+-------+-------+-------+-------+----------------------
         Total | 100.0 | 100.0 |   0.6 |  12.7 |  10.1 | 199.0
       Dungeon | 100.0 | 100.0 |   0.6 |  12.7 |  10.1 | 199.0
               +-------+-------+-------+-------+-------+----------------------

Table legend:
 A = Kills in this place as a percentage of kills in entire the game.
 B = Kills by you in this place as a percentage of kills by you in the entire game.
 C = Kills by friends in this place as a percentage of kills by friends in the entire game.
 D = Other kills in this place as a percentage of other kills in the entire game.
 E = Experience gained in this place as a percentage of experience gained in the entire game.
 F = Experience gained in this place divided by the number of levels of this place that you have seen.
                   A       B       C       D       E      F
               +-------+-------+-------+-------+-------+----------------------
         Total | 100.0 | 100.0 |  -nan |  -nan | 100.0 |  40.2
       Dungeon | 100.0 | 100.0 |  -nan |  -nan | 100.0 |  40.2
               +-------+-------+-------+-------+-------+----------------------
